 Dungeon Crawl Stone Soup version 0.30.0-15-g856e2d3f33 (webtiles) character file.

Game seed: 10891456511286178573

18160 Zdeegee the Zephyrmancer (level 12, -5/101 HPs)
             Began as a Red Draconian Air Elementalist on May 19, 2023.
             Was a Priest of Vehumet.
             Killed from afar by an oklob plant (20 damage)
             ... with a splash of acid
             ... on level 3 of the Lair of Beasts.
             The game lasted 00:51:15 (15186 turns).

Zdeegee the Zephyrmancer (DrAE)                    Turns: 15186, Time: 00:51:15

Health: -5/101     AC: 11    Str: 10    XL:     12   Next: 25%
Magic:  25/35      EV: 13    Int: 22    God:    Vehumet [***...]
Gold:   696        SH:  5    Dex: 11    Spells: 13/31 levels left

rFire   + . .        a - +7 dagger of Uncomfortable Rashes {freeze, rPois rN++ SInv}
rCold   . . .        (no shield)
rNeg    + + .        (body armour unavailable)
rPois   +            (helmet restricted)
rElec   .            q - +2 cloak
rCorr   .            (no gloves)
SInv    +            (no boots)
Will    +....        d - amulet of reflection
Stlth   ++           E - ring of willpower
HPRegen 0.36/turn    A - ring of magical power
MPRegen 0.24/turn

%: reflection
@: swift, quick
A: breathe fire, AC +8, unfitting armour, fire resistance 1, cold-blooded
a: Breathe Fire, Renounce Religion


You were on level 3 of the Lair of Beasts.
You worshipped Vehumet.
Vehumet was most pleased with you.
You visited 3 branches of the dungeon, and saw 14 of its levels.

You collected 696 gold pieces.

Inventory:

Hand Weapons
 a - the +7 dagger of Uncomfortable Rashes (weapon) {freeze, rPois rN++ SInv}
   (You found it on level 6 of the Dungeon)

   rPois:     It protects you from poison.
   rN:        It greatly protects you from negative energy.
   SInv:      It lets you see invisible.
 j - a +0 short sword
 L - a +4 long sword of freezing
 T - a +1 demon whip of venom
Missiles
 u - 2 throwing nets
Armour
 q - a +2 cloak (worn)
Magical Staves
 I - a staff of poison
Jewellery
 d - an amulet of reflection (around neck)
 f - an amulet of magic regeneration
 g - a ring of wizardry
 s - a +5 ring of evasion
 z - a ring of positive energy
 A - a ring of magical power (right hand)
 E - a ring of willpower (left hand)
 P - a ring of fire
 Q - an amulet of the acrobat
 R - an amulet of regeneration
Wands
 i - a wand of roots (20)
 G - a wand of digging (17)
 N - a wand of acid (9)
 O - a wand of flame (19)
Scrolls
 c - 2 scrolls of amnesia
 e - a scroll of silence {unknown}
 k - 5 scrolls of enchant armour
 l - 4 scrolls of teleportation
 n - 3 scrolls of brand weapon {unknown}
 o - a scroll of poison {unknown}
 p - 2 scrolls of enchant weapon {unknown}
 t - 2 scrolls of blinking {unknown}
 v - 3 scrolls of immolation {unknown}
 x - 2 scrolls of magic mapping {unknown}
 y - a scroll of vulnerability {unknown}
 B - 2 scrolls of fog {unknown}
 C - 2 scrolls of fear {unknown}
 D - 2 scrolls of acquirement {unknown}
Potions
 b - 3 potions of flight
 h - 3 potions of brilliance
 m - 2 potions of heal wounds
 r - 3 potions of curing
 w - 3 potions of lignification
 F - 4 potions of magic
 H - 4 potions of mutation
 J - 3 potions of might
 K - a potion of invisibility {unknown}
 M - a potion of haste {unknown}
 S - a potion of ambrosia {unknown}


   Skills:
 * Level 7.9 Fighting
 + Level 1.6 Short Blades
 * Level 5.5 Dodging
 + Level 2.7 Stealth
 + Level 1.1 Shields
 + Level 0.1 Unarmed Combat
 * Level 10.4 Spellcasting
 * Level 6.0 Conjurations
 * Level 6.1 Fire Magic
 * Level 10.5 Air Magic
 * Level 6.2 Invocations
 + Level 0.8 Evocations


You had 13 spell levels left.
You knew the following spells:

 Your Spells              Type           Power      Damage    Failure   Level
a - Shock                 Conj/Air       100%       1d9       1%          1
b - Static Discharge      Conj/Air       94%        2-6/arc   1%          2
c - Airstrike             Air            27%        2d(4-20)  1%          4
d - Swiftness             Air            55%        N/A       1%          3
e - Flame Wave            Conj/Fire      38%        2d10      1%          4
f - Sticky Flame          Conj/Fire      38%        2d6       1%          4

Your spell library contained the following spells:

 Spells                   Type           Power      Damage    Failure   Level
 Frozen Ramparts          Ice            22%        1d4       4%          3
 Magic Dart               Conj           100%       1d8       1%          1
 Poisonous Vapours        Pois/Air       68%        N/A       1%          2
 Scorch                   Fire           76%        2d8       1%          2
 Inner Flame              Hex/Fire       24%        N/A       1%          3
 Mephitic Cloud           Conj/Pois/Air  35%        N/A       1%          3
 Apportation              Tloc           22%        N/A       6%          1
 Necrotise                Necr           44%        1d6       6%          1
 Sting                    Tmut/Pois      44%        1d5       6%          1
 Summon Small Mammal      Summ           44%        N/A       6%          1
 Call Imp                 Summ           22%        N/A       9%          2
 Olgreb's Toxic Radiance  Pois           11%        N/A       16%         4
 Tukima's Dance           Hex            11%        N/A       17%         3
 Yara's Violent Unravell  Hex/Tmut       5%         3d4       36%         5
 Passage of Golubria      Tloc           11%        N/A       50%         4
 Ignition                 Fire           19%        3d7       99%         8
 Summon Cactus Giant      Summ           5%         N/A       100%        6
 Discord                  Hex            5%         N/A       100%        8


Dungeon Overview and Level Annotations

Branches:
Dungeon (10/15)            Temple (1/1) D:6            Lair (3/5) D:8
 Shoals (0/4) Lair:2       Spider (0/4) Lair:2
    Orc: D:9-12

Altars:
Ashenzari
Cheibriados
Elyvilon
Fedhas
Gozag
Hepliaklqana
Kikubaaqudgha
Makhleb
Nemelex Xobeh
Okawaru
Qazlal
Ru
Sif Muna
Trog
Uskayaw
Vehumet
Wu Jian
Xom
Yredelemnul
Zin
The Shining One

Shops:
D:6 =*   D:9 ?*(

Annotations:
D:8 3 runed translucent doors, Fractals's ghost, novice GrEE; Liamsmithers's ghost, novice DsGl; avangion's ghost, novice DECj
Lair:3 exclusion: oklob plant


Innate Abilities, Weirdness & Mutations

You can breathe blasts of fire.
Your fiery red scales are hard. (AC +8)
You cannot fit into any form of body armour.
Your flesh is heat resistant. (rF+)
You are cold-blooded and may be slowed by cold attacks.


Message History

Vehumet accepts your kill.
You feel your power returning.
The flame wave engulfs the wolf.
The wolf is lightly wounded. (Press . to intensify the flame waves.)
The wolf bites you. The polar bear bites you!!
* * * LOW HITPOINT WARNING * * *
The polar bear claws you.
* * * LOW HITPOINT WARNING * * *
You block the polar bear's attack. The wolf closely misses you.
Your Invocations skill increases to level 6!
A wave of flame ripples out!
The flame wave engulfs the polar bear!
You kill the polar bear!
Vehumet accepts your kill.
The flame wave engulfs the cane toad.
The cane toad is moderately wounded.
The flame wave engulfs the wolf.
The wolf is lightly wounded.
You hear an angry hiss.
You block the wolf's attack. The cane toad misses you.
A blink frog comes into view.
The wolf attacks as you move away! The wolf closely misses you.
A water moccasin comes into view.
The wolf misses you.
The blink frog blinks!
Okay, then.
Casting: Flame Wave (mildly dangerous; 1% risk of failure)
Confirm with . or Enter, or press ? or * to list all spells.
Okay, then.
Casting: Flame Wave (mildly dangerous; 1% risk of failure)
Confirm with . or Enter, or press ? or * to list all spells.
Okay, then.
Casting: Flame Wave (mildly dangerous; 1% risk of failure)
Confirm with . or Enter, or press ? or * to list all spells.
You feel quick. You block the cane toad's attack.
The blink frog blinks!
The cane toad barely misses you. The wolf attacks as you move away!
The wolf bites you but does no damage.
Really walk into a travel-excluded area?
The wolf attacks as you move away! You block the wolf's attack.
The oklob plant spits acid at you. The splash of acid hits you!!
You die...

...............
......P........##
................#
................#
......>.......P#
..........$....#
P...<.<.<.....#
..............#
....[.>@.hF...##
........hhh.†..###
..........h...F...$
......P.......##.#.
.......S......# #
....#..#.#P##.#
####.#...### ##
##....# ##.#.#


You could see an oklob plant, a polar bear, a cane toad, a blink frog, a water
moccasin and 4 wolves.

Vanquished Creatures
  A hydra (Lair:2)
  A two-headed ogre (D:10)
  Amaemon (Lair:1)
  A skyshark (Lair:1)
  Pikel (D:8)
  6 cane toads
  Joseph (D:8)
  Maggie (D:10)
  An orange demon (Lair:1)
  2 rime drakes
  4 komodo dragons
  3 polar bears
  3 culicivoras (Lair:2)
  3 wraiths (D:9)
  20 yaks
  3 wyverns
  2 basilisks (Lair:1)
  A steam dragon (D:7)
  2 water moccasins
  4 sky beasts
  4 ice beasts (D:8)
  2 orc warriors
  2 black bears
  2 ogres
  8 wolves
  3 centaurs
  2 phantoms
  A lemure (D:7)
  A kobold brigand (D:9)
  4 scorpions
  5 bullfrogs
  12 wights
  26 killer bees
  A howler monkey (D:9)
  A crimson imp (D:4)
  A gnoll bouda (D:7)
  9 orc priests
  5 hounds
  3 iguanas
  A jelly (D:4)
  2 sleepcaps
  11 orc wizards
  4 gnolls (D:7)
  5 adders
  A shadow imp (D:7)
  2 worms (D:5)
  4 dart slugs
  40 orcs
  3 ball pythons (D:3)
  3 bats
  7 endoplasms
  2 giant cockroaches
  7 goblins
  5 hobgoblins
  10 jackals
  12 kobolds
  7 quokkas
  A frilled lizard (D:2)
  4 rats
284 creatures vanquished.

Notes
Turn   | Place    | Note
-------+----------+-------------------------------------------
     0 | D:1      | Zdeegee the Draconian Air Elementalist began the quest for
                  | the Orb.
     0 | D:1      | Reached XP level 1. HP: 14/14 MP: 3/3
   209 | D:1      | Reached XP level 2. HP: 18/20 MP: 0/5
   850 | D:2      | Reached XP level 3. HP: 26/27 MP: 1/6
  1344 | D:2      | Learned a level 2 spell: Static Discharge
  1595 | D:3      | Found a glowing silver altar of Zin.
  1619 | D:3      | Reached XP level 4. HP: 34/34 MP: 6/8
  1626 | D:3      | Learned a level 4 spell: Airstrike
  2066 | D:2      | Reached skill level 1 in Fighting
  2066 | D:2      | Reached skill level 1 in Invocations
  2402 | D:3      | Reached XP level 5. HP: 40/40 MP: 6/9
  2406 | D:3      | Learned a level 3 spell: Swiftness
  3168 | D:4      | Reached XP level 6. HP: 40/47 MP: 6/11
  3761 | D:4      | Your scales start taking on a fiery red colour.
  3761 | D:4      | Reached XP level 7. HP: 39/55 MP: 7/13
  3761 | D:4      | Gained mutation: Your flesh is heat resistant. (rF+) [Red
                  | Draconian growth]
  3863 | D:4      | Found a shimmering altar of Xom.
  3866 | D:4      | Found a burning altar of Makhleb.
  3993 | D:5      | Entered Level 5 of the Dungeon
  4104 | D:5      | Reached skill level 5 in Air Magic
  4145 | D:5      | Found an ornate altar of the Wu Jian Council.
  4318 | D:5      | Reached skill level 1 in Fire Magic
  4430 | D:5      | Found an iron altar of Okawaru.
  4791 | D:5      | Reached skill level 5 in Spellcasting
  4791 | D:5      | Reached XP level 8. HP: 59/62 MP: 15/15
  4989 | D:6      | Reached skill level 1 in Short Blades
  5005 | D:6      | Found a sacrificial altar of Ru.
  5081 | D:6      | Identified the +7 dagger of Uncomfortable Rashes {freeze,
                  | rPois rN++ SInv}
  5096 | D:6      | Found a staircase to the Ecumenical Temple.
  5169 | D:6      | Identified the +0 plate armour "Tuzesalu" {Str-3 Int+4
                  | Stlth+}
  5189 | Temple   | Entered the Ecumenical Temple
  5559 | Temple   | Became a worshipper of Vehumet
  5668 | D:6      | Found a sparkling altar of Nemelex Xobeh.
  5698 | D:6      | Found Zuplot's Jewellery Boutique.
  5849 | D:6      | Found Tatwaloh's Elemental Accessories.
  6409 | D:7      | Reached XP level 9. HP: 71/71 MP: 15/18
  7160 | D:7      | Reached * piety under Vehumet
  7160 | D:7      | Offered knowledge of Kiss of Death by Vehumet.
  8320 | D:8      | Noticed Joseph
  8326 | D:8      | Killed Joseph
  8532 | D:8      | Noticed Pikel
  8536 | D:8      | Killed Pikel
  8537 | D:8      | Reached skill level 5 in Fighting
  8550 | D:8      | Reached XP level 10. HP: 46/81 MP: 8/21
  8679 | D:8      | Found a runed translucent gate.
  8680 | D:8      | Found a runed translucent gate.
  8680 | D:8      | Found a runed translucent gate.
  8682 | D:8      | Noticed Liamsmithers's ghost (novice DsGl)
  8682 | D:8      | Noticed Fractals's ghost (novice GrEE)
  8682 | D:8      | Noticed avangion's ghost (novice DECj)
  9541 | D:8      | Offered knowledge of Freeze by Vehumet.
  9558 | D:8      | Reached ** piety under Vehumet
 10098 | D:8      | Found a staircase to the Lair.
 10104 | D:8      | Learned a level 4 spell: Flame Wave
 10356 | D:9      | Found a glowing golden altar of the Shining One.
 10438 | D:9      | Found Wumief's Assorted Antiques.
 10439 | D:9      | Found Uximoleps's Antique Weapon Emporium.
 10440 | D:9      | Found Doticel's Magic Scroll Emporium.
 10554 | D:9      | Reached skill level 5 in Fire Magic
 11117 | D:9      | Reached skill level 5 in Invocations
 11196 | D:9      | Found a basalt altar of Yredelemnul.
 11243 | D:9      | Offered knowledge of Volatile Blastmotes by Vehumet.
 11245 | D:9      | Reached skill level 5 in Conjurations
 11245 | D:9      | Reached XP level 11. HP: 74/91 MP: 23/23
 11252 | D:9      | Reached *** piety under Vehumet
 11517 | D:9      | Learned a level 4 spell: Sticky Flame
 11685 | D:10     | Entered Level 10 of the Dungeon
 11699 | D:10     | Noticed a two-headed ogre
 11701 | D:10     | Killed a two-headed ogre
 11705 | D:10     | Noticed Maggie
 11712 | D:10     | Killed Maggie
 11858 | D:10     | Noticed a green ugly thing
 11956 | Lair:1   | Entered Level 1 of the Lair of Beasts
 12171 | Lair:1   | Reached skill level 5 in Dodging
 12312 | Lair:1   | Offered knowledge of Frozen Ramparts by Vehumet.
 12658 | Lair:1   | Noticed Amaemon
 12659 | Lair:1   | Noticed a skyshark
 12958 | Lair:1   | Reached skill level 1 in Shields
 12999 | Lair:1   | Killed a skyshark
 13000 | Lair:1   | Reached skill level 10 in Air Magic
 13443 | Lair:1   | Killed Amaemon
 13733 | Lair:2   | Noticed a four-headed hydra
 13740 | Lair:2   | Killed a four-headed hydra
 13881 | Lair:2   | Reached skill level 10 in Spellcasting
 13892 | Lair:2   | Reached XP level 12. HP: 51/100 MP: 5/26
 14256 | Lair:2   | Found a hole to the Spider Nest.
 14410 | Lair:2   | Found a staircase to the Shoals.
 15186 | Lair:3   | Killed from afar by an oklob plant

Illustrated notes

Levels and vault maps discovered:
D:1:      reono_arrival_forest_river, layout_basic, minmay_tall_x
D:2:      layout_loops_cross
D:3:      layout_loops_ring, mainiacjoe_overflow_boulevard
D:4:      layout_cave_pods, grunt_temple_overflow_champion_of_chaos
D:5:      layout_basic, mainiacjoe_overflow_brackets,
          kennysheep_okawaru_gauntlet
D:6:      layout_loops_cross, nicolae_ru_sacrificial_ziggurat,
          mainiacjoe_overflow_cross_hatched, minmay_temple_entry_stoned_glass,
          serial_shops, shop, nicolae_elemental_shop
D:7:      layout_loops_ring
D:8:      layout_rooms, hellmonk_lair_entry_icy, gammafunk_ghost_cemetery,
          serial_rivers, chequers_serial_rivers_micro_a,
          chequers_serial_rivers_large_b, chequers_serial_rivers_micro_c,
          chequers_serial_rivers_room_b, chequers_serial_rivers_small_b,
          chequers_serial_rivers_micro_d, uniq_joseph, uniq_pikel
D:9:      layout_rooms, nicolae_tso_carved_into_rock, yredelemnul_altar_generic,
          nicolae_shop_distant_corner_stores
D:10:     layout_roguey, grunt_dithmenos_smoke_and_mirrors, david_orc_4,
          nicolae_kite_square_tiling_tiny, uniq_maggie
Temple:   minmay_temple_forest_path
Lair:1:   layout_regular_city, infiniplex_staircase_pool_2, lemuel_fruit_tree,
          uniq_amaemon
Lair:2:   layout_regular_city, minmay_shoals_entry_centaurs,
          hellmonk_spider_entry_life_and_decay
Lair:3:   dpeg_oklob_shooting_range, layout_loops_ring, uniq_josephine,
          uniq_urug

Skill      XL: |  1  2  3  4  5  6  7  8  9 10 11 12 |
---------------+-------------------------------------+-----
Dodging        | 2 3 4 5 |  5.5
Fighting       | 1 2 4 5 6 7 |  7.9
Spellcasting   | 3 4 5 6 7 8 10 | 10.4
Invocations    | 1 2 3 4 5 6 |  6.2
Conjurations   | 2 3 4 5 6 |  6.0
Air Magic      | 4 5 6 8 9 10 | 10.5
Stealth        | 2 |  2.7
Fire Magic     | 1 2 3 5 6 |  6.1
Short Blades   | 1 |  1.6
Shields        | 1 |  1.1
Unarmed Combat | |  0.1
Evocations     | |  0.8

Action                     |  1- 3 |  4- 6 |  7- 9 | 10-12 || total
---------------------------+-------+-------+-------+-------++-------
  Melee: Unarmed           |    43 |       |       |       ||    43
         Tailslap          |     6 |     3 |     1 |    14 ||    24
         Punch             |     1 |       |       |     1 ||     2
         Short sword       |     1 |    34 |     9 |       ||    44
         Dagger            |       |       |     7 |    85 ||    92
   Cast: Shock             |    94 |   106 |    99 |   108 ||   407
         Static Discharge  |       |    12 |    30 |    36 ||    78
         Swiftness         |       |     1 |       |     1 ||     2
         Airstrike         |       |     2 |    82 |   138 ||   222
         Flame Wave        |       |       |       |    14 ||    14
         Sticky Flame      |       |       |       |    10 ||    10
Ability: Breathe Fire      |       |       |     2 |     7 ||     9
  Evoke: Wand              |       |       |     1 |     1 ||     2
    Use: Scroll            |       |     3 |     7 |     3 ||    13
         Potion            |       |       |       |     1 ||     1
   Stab: Sleeping          |     1 |     2 |       |       ||     3
 Armour: Skin              |    33 |    25 |    25 |    77 ||   160
  Dodge: Dodged            |    54 |    51 |    45 |   141 ||   291
  Block: Other             |       |       |    10 |    62 ||    72
         Reflection        |       |       |     2 |       ||     2
